 Dungeon Crawl Stone Soup version 0.25-a0-105-g2289b3b9f1 (webtiles) character file.

Game seed: 3073986072762327664, levelgen mode: deterministic

1 vurker the Magician (level 1, -2/13 HPs)
             Began as a Mummy Fire Elementalist on Nov 16, 2019.
             Slain by a kobold
             ... wielding a +0 short sword
              (5 damage)
             ... on level 1 of the Dungeon.
             The game lasted 00:00:10 (58 turns).

vurker the Magician (Mummy Fire Elementalist)         Turns: 58, Time: 00:00:11

Health: -2/13      AC:  2    Str: 11    XL:     1   Next: 16%
Magic:  0/4        EV: 12    Int: 14    God:
Gold:   13         SH:  0    Dex: 12    Spells: 4/5 levels left

rFire    x . .     SeeInvis .   (no weapon)
rCold    + . .     Gourm    .   (no shield)
rNeg     + + +     Faith    .   a - +0 robe
rPois    ∞         Spirit   .   (no helmet)
rElec    .         Reflect  .   (no cloak)
rCorr    .         Harm     .   (no gloves)
MR       .....                  (no boots)
Stlth    ++........             (no amulet)
HPRegen  0.04/turn              (no ring)
MPRegen  0.09/turn              (no ring)

@: very slightly contaminated
A: no food or potions, fire vulnerability, cold resistance 1, negative energy
resistance 3, torment resistance, unbreathing
a: no special abilities


You were on level 1 of the Dungeon.
You were not hungry.

You visited 1 branch of the dungeon, and saw 1 of its levels.

You collected 13 gold pieces.

Inventory:

Armour
 a - a +0 robe (worn)
Scrolls
 b - a scroll of enchant weapon {unknown}
 c - a scroll of identify {unknown}


   Skills:
 + Level 0.0 Fighting
 - Level 1.5 Dodging
 - Level 1.5 Stealth
 * Level 2.7 Spellcasting
 * Level 0.8 Conjurations
 * Level 2.4 Fire Magic


You had 4 spell levels left.
You knew the following spells:

 Your Spells              Type           Power        Failure   Level  Hunger
a - Flame Tongue          Conj/Fire      #....        12%         1    N/A

Your spell library contained the following spells:

 Spells                   Type           Power        Failure   Level  Hunger
 Throw Flame              Conj/Fire      #.....       17%         2    N/A
 Conjure Flame            Conj/Fire      #.......     34%         3    N/A
 Inner Flame              Hex/Fire       #.......     38%         3    N/A
 Sticky Flame             Conj/Fire      #.......     75%         4    N/A
 Fireball                 Conj/Fire      #.........   97%         5    N/A

Dungeon Overview and Level Annotations

Branches:
Dungeon (1/15)

Altars:


Innate Abilities, Weirdness & Mutations

You do not eat or drink.
Your flesh is vulnerable to fire.
You are immune to poison.
Your flesh is cold resistant. (rC+)
You are immune to negative energy. (rN+++)
You are immune to unholy pain and torment.
You can survive without breathing.


Message History

Welcome, vurker the Mummy Fire Elementalist.
Will you prevail where others failed? Will you find the Orb of Zot?
Found 10 gold pieces and a fuming purple potion.
Found a staircase leading out of the dungeon.
You now have 10 gold pieces.
A bat comes into view.
Found 3 gold pieces.
Okay, then.
The bat hits you.
Found a scroll labeled UCLA COTRURR and a black potion.
You miss the bat. The bat closely misses you.
You closely miss the bat. The bat hits you but does no damage.
The bat closely misses you.
Aim: a bat The flame tongue hits the bat.
You kill the bat!
You can't see any susceptible monsters within range! (Use Z to cast anyway.)
You can't see any susceptible monsters within range! (Use Z to cast anyway.)
Found a scroll labeled UTAIBB SOCRU.
b - a scroll labeled UTAIBB SOCRU
c - a scroll labeled UCLA COTRURR You now have 13 gold pieces (gained 3).
A kobold comes into view. It is wielding a +0 short sword.
A kobold is nearby!
Aim: a kobold, wielding a +0 short sword The flame tongue hits the kobold.
The kobold hits you with a +0 short sword.
Aim: a kobold, wielding a +0 short sword (moderately wounded)
The flame tongue misses the kobold.
The kobold hits you with a +0 short sword.
* * * LOW HITPOINT WARNING * * *
Aim: a kobold, wielding a +0 short sword (moderately wounded)
You miscast Flame Tongue.
You are very lightly contaminated with residual magic.
Nothing appears to happen.
The kobold completely misses you.
Aim: a kobold, wielding a +0 short sword (moderately wounded)
The flame tongue hits the kobold.
The kobold hits you with a +0 short sword.
You die...

#.###.###.####
#.#........!.#
#######.#.#.###.##.#
..........#.# #.# #
............# #.#
#######.##### #.#
#.# #.# #.#######.#
#.@K......#
##########


You could see a kobold.

Vanquished Creatures
  A bat (D:1)
1 creature vanquished.

Notes
Turn   | Place    | Note
-------+----------+-------------------------------------------
     0 | D:1      | vurker the Mummy Fire Elementalist began the quest for the
                  | Orb.
     0 | D:1      | Reached XP level 1. HP: 13/13 MP: 4/4
    58 | D:1      | Slain by a kobold

Levels and vault maps discovered:
D:1:      minmay_arrival_arboretum_large, layout_loops_ring

Action                   || total
-------------------------++-------
Melee: Unarmed           ||     2
 Cast: Flame Tongue      ||     4
Armor: Robe              ||     1
Dodge: Dodged            ||     3

Table legend:
 A = Non-vault XP
 B = Vault XP
 C = Vault XP percentage of total XP
 D = Non-vault monster count
 E = Vault monster count
 F = Vault count percentage of total count
                 A         B        C        D         E       F
            +---------+---------+-------+---------+---------+-------
      Total |       2 |       0 |   0.0 |       1 |       0 |   0.0
            +---------+---------+-------+---------+---------+-------
        D:1 |       2 |       0 |   0.0 |       1 |       0 |   0.0
            +---------+---------+-------+---------+---------+-------
